 Dungeon Crawl Stone Soup version 0.28-a0-998-gb9e9c7b67e (webtiles) character file.

Game seed: 5365875618952762363

1927 bande the Chopper (level 9, -12/49 HPs)
             Began as a Gargoyle Fighter on Dec 6, 2021.
             Was a Believer of Okawaru.
             Mangled by an orc wizard (16 damage)
             ... on level 6 of the Dungeon.
             The game lasted 00:13:13 (5980 turns).

bande the Chopper (Gargoyle Fighter)                Turns: 5980, Time: 00:13:14

Health: -12/49     AC: 20    Str: 22    XL:     9   Next: 17%
Magic:  12/12      EV: 10    Int:  9    God:    Okawaru [**....]
Gold:   103        SH:  0    Dex: 11    Spells: 8/8 levels left

rFire   . . .      SeeInvis .   q - +0 broad axe (flame)
rCold   . . .      Faith    .   c - +0 buckler
rNeg    + . .      Spirit   .   g - +0 plate armour
rPois   ∞          Reflect  .   (helmet restricted)
rElec   +          Harm     .   i - +0 cloak
rCorr   .          Rampage  .   (no gloves)
Will    .....                   (no boots)
Stlth   ..........              e - amulet of regeneration
HPRegen 0.96/turn               m - +4 ring of evasion
MPRegen 0.13/turn               (no ring)

@: confused
A: sickness immunity, AC +6, negative energy resistance 1, electricity
resistance, torment resistance 1, petrification resistance, antennae 1, frail 1,
MP-powered wands
a: Renounce Religion, Heroism


You were on level 6 of the Dungeon.
You worshipped Okawaru.
Okawaru was pleased with you.
You visited 2 branches of the dungeon, and saw 8 of its levels.

You collected 195 gold pieces.
You spent 92 gold pieces at shops.

Inventory:

Hand Weapons
 a - a +0 war axe
 k - a +0 flail
 q - a +0 broad axe of flaming (weapon)
Missiles
 j - 3 throwing nets (quivered)
Armour
 c - a +0 buckler (worn)
 g - a +0 plate armour (worn)
 i - a +0 cloak (worn)
 n - a +1 helmet
Jewellery
 d - a ring of flight
 e - an amulet of regeneration (around neck)
 h - a ring of wizardry
 m - a +4 ring of evasion (left hand)
 o - a ring of wizardry
Scrolls
 b - 2 scrolls of identify
 p - a scroll of amnesia


   Skills:
 + Level 5.7 Fighting
 + Level 7.5 Axes
 + Level 6.3 Armour
 + Level 4.9 Shields
 * Level 4.3 Invocations


You had 8 spell levels left.
You didn't know any spells.
Your spell library contained the following spells:

 Spells                   Type           Power      Damage    Failure   Level
 Beastly Appendage        Tmut           0%         N/A       100%        1
 Wereblood                Tmut           0%         N/A       100%        2
 Ozocubu's Armour         Ice            0%         N/A       100%        3
 Spider Form              Tmut/Pois      0%         N/A       100%        3
 Metabolic Englaciation   Hex/Ice        0%         N/A       100%        5
 Simulacrum               Ice/Necr       Unusable   N/A       N/A         6

Dungeon Overview and Level Annotations

Branches:
Dungeon (7/15)             Temple (1/1) D:4

Altars:
Ashenzari
Cheibriados
Dithmenos
Elyvilon
Gozag
Hepliaklqana
Kikubaaqudgha
Makhleb
Nemelex Xobeh
Okawaru
Sif Muna
Trog
Vehumet
Xom
Yredelemnul
The Shining One

Shops:
D:4 ?   D:5 (


Innate Abilities, Weirdness & Mutations

You are immune to sickness and miasma.
Your stone body is resilient. (AC +6)
You are immune to poison.
You resist negative energy. (rN+)
You are resistant to electric shocks. (rElec)
You are resistant to unholy torment.
You are immune to petrification.
You have a pair of small antennae on your head.
You are frail. (-10% HP)
You expend magic power (3 MP) to strengthen your wands.


Message History

A magic dart appears from out of thin air!
The magic dart hits you but does no damage.
A puff of flame appears from out of thin air!
You block the puff of flame.
You hear some strange, mumbled words.
A puff of flame appears from out of thin air!
The puff of flame hits you. Something hits you but does no damage.
Space warps around you.
You miss something. Something hits you but does no damage.
Space warps around you.
You barely miss something. Something hits you.
* * * LOW HITPOINT WARNING * * *
Space warps around you.
* * * LOW HITPOINT WARNING * * *
Something hits you but does no damage. Space warps around you.
* * * LOW HITPOINT WARNING * * *
You miss something. Something hits you but does no damage.
Space warps around you.
* * * LOW HITPOINT WARNING * * *
You barely miss something.
You hear some strange, mumbled words.
You are confused.
Unknown command.
You aren't carrying any potions.
Okay, then.
You completely miss something. Something hits you but does no damage.
Space warps around you.
* * * LOW HITPOINT WARNING * * *
You miss something.
You hear some strange, mumbled words.
Something tries to affect you, but you resist.
You miss something. Something hits you but does no damage.
Space warps around you.
* * * LOW HITPOINT WARNING * * *
Something hits you but does no damage.
Unknown command.
Something completely misses you.
You completely miss something. Something hits you but does no damage.
Space warps horribly around you!
You die...

######## ####......####
### ##..>.........####
##..
#.....{..........###...
#.....@................
##..............###....
#..............# #....
#.........[...## #..#.
#..#............# #..##
...##...........##
#..## ....#
##.........## #..# ....
#........## ####..# ...
#.......## #(....##


There were no monsters in sight!

Vanquished Creatures
  3 centaur zombies
  Sigmund (D:2)
  An orc warrior (D:7)
  2 black bears (D:5)
  A necrophage (D:5)
  2 ogres (D:6)
  A bullfrog (D:7)
  2 scorpions
  A wyvern skeleton (D:6)
  A howler monkey (D:5)
  A bullfrog zombie (D:5)
  2 hounds
  2 orc priests (D:4)
  A centaur skeleton (D:5)
  3 iguanas (D:5)
  2 scorpion zombies (D:5)
  Terence (D:3)
  A hound zombie (D:5)
  Robin (D:1)
  4 gnolls (D:4)
  A howler monkey skeleton (D:6)
  4 adders
  A white imp (D:5)
  3 worms
  An adder skeleton (D:4)
  An adder zombie (D:5)
  2 dart slugs (D:1)
  6 orcs
  6 bats
  9 endoplasms
  2 giant cockroaches
  13 goblins
  12 hobgoblins
  2 kobolds (D:1)
  3 quokkas
  8 ball pythons
  A frilled lizard (D:2)
  4 rats
112 creatures vanquished.

Vanquished Creatures (others)
  2 plants
2 creatures vanquished.

Grand Total: 114 creatures vanquished

Notes
Turn   | Place    | Note
-------+----------+-------------------------------------------
     0 | D:1      | bande the Gargoyle Fighter began the quest for the Orb.
     0 | D:1      | Reached XP level 1. HP: 14/14 MP: 1/1
   178 | D:1      | Reached XP level 2. HP: 19/19 MP: 2/2
   369 | D:1      | Reached skill level 2 in Axes
   688 | D:1      | Reached XP level 3. HP: 23/23 MP: 3/3
  1206 | D:2      | Noticed Robin
  1294 | D:1      | Killed Robin
  1295 | D:1      | Reached XP level 4. HP: 22/29 MP: 4/4
  1389 | D:2      | Noticed Sigmund
  1409 | D:2      | HP: 1/29 [something (2)]
  1771 | D:2      | Killed Sigmund
  1772 | D:2      | Reached skill level 4 in Axes
  1772 | D:2      | Reached XP level 5. HP: 3/33 MP: 5/5
  1772 | D:2      | Reached XP level 6. HP: 4/38 MP: 6/6
  2064 | D:2      | Found a hazy altar of Hepliaklqana.
  3271 | D:2      | Gained mutation: You passively dampen the noise of your
                  | surroundings. [potion of mutation]
  3271 | D:2      | Gained mutation: Armour fits poorly on your strangely
                  | shaped body. [potion of mutation]
  3442 | D:3      | Lost mutation: Armour fits poorly on your strangely shaped
                  | body. [potion of mutation]
  3442 | D:3      | Lost mutation: You passively dampen the noise of your
                  | surroundings. [potion of mutation]
  3442 | D:3      | Gained mutation: You are frail. (-10% HP) [potion of
                  | mutation]
  3442 | D:3      | Gained mutation: You expend magic power (3 MP) to
                  | strengthen your wands. [potion of mutation]
  3442 | D:3      | Gained mutation: You have a pair of small antennae on your
                  | head. [potion of mutation]
  3464 | D:3      | Noticed Terence
  3477 | D:3      | Killed Terence
  3595 | D:3      | Found a faded altar of an unknown god.
  3757 | D:4      | Found Wyol's Magic Scroll Shoppe.
  4024 | D:4      | Found a staircase to the Ecumenical Temple.
  4040 | Temple   | Entered the Ecumenical Temple
  4125 | Temple   | Became a worshipper of Warmaster Okawaru
  4185 | D:4      | Reached XP level 7. HP: 39/39 MP: 7/7
  4189 | D:4      | Reached skill level 5 in Armour
  4406 | D:5      | Entered Level 5 of the Dungeon
  4424 | D:5      | Reached skill level 1 in Invocations
  4470 | D:5      | Found Yropreiq's Hydra Hut.
  4487 | D:5      | Reached * piety under Okawaru
  4488 | D:5      | Reached skill level 5 in Fighting
  4488 | D:5      | Reached skill level 5 in Axes
  4488 | D:5      | Reached XP level 8. HP: 44/44 MP: 7/9
  4509 | D:5      | Noticed an eight-headed hydra
  4515 | D:5      | Bought a +0 broad axe of flaming for 92 gold pieces
  4624 | D:5      | Found a broken altar of Ashenzari.
  4636 | D:5      | Found a white marble altar of Elyvilon.
  4648 | D:5      | Reached skill level 6 in Axes
  4648 | D:5      | Found a burning altar of Makhleb.
  4900 | D:5      | Reached ** piety under Okawaru
  5357 | D:6      | Reached skill level 7 in Axes
  5359 | D:6      | Reached XP level 9. HP: 29/48 MP: 10/12
  5978 | D:6      | HP: 2/49 [something (3)]
  5980 | D:6      | Mangled by an orc wizard

Illustrated notes

Levels and vault maps discovered:
D:1:      dpeg_arrival_concentric_ovals, layout_loops_corners
D:2:      layout_loops_ring, basic_altar, kennysheep_generic_room_15,
          uniq_sigmund, uniq_robin
D:3:      layout_rooms, hellmonk_ecumenical_altar_inner_sanctum,
          serial_bayou_lake_a, uniq_terence
D:4:      layout_rooms, minmay_temple_entry_slanted, serial_shops,
          nicolae_stop_n_shop_2
D:5:      minmay_skewed_foursquare, layout_basic, grunt_temple_overflow_open,
          serial_park_tiny_1, doesnt_shop_hydraphobe
D:6:      layout_cave_pods, uniq_crazy_yiuf_cottage, uniq_edmund
D:7:      layout_loops_ring, uniq_duvessa
Temple:   nicolae_temple_elliptical

Skill      XL: |  1  2  3  4  5  6  7  8 |
---------------+-------------------------+-----
Axes           | 2 4 5 7 |  7.5
Fighting       | 4 5 |  5.7
Armour         | 4 5 6 |  6.3
Shields        | 4 |  4.9
Invocations    | 2 4 |  4.3

Action                   |  1- 3 |  4- 6 |  7- 9 || total
-------------------------+-------+-------+-------++-------
Melee: War axe           |    87 |   198 |    36 ||   321
       Broad axe         |       |       |   136 ||   136
  Use: Potion            |       |     8 |     1 ||     9
       Scroll            |       |     6 |     2 ||     8
Armor: Scale mail        |    64 |    32 |       ||    96
       Chain mail        |       |    73 |   140 ||   213
       Plate armour      |       |       |    16 ||    16
Dodge: Dodged            |    59 |   106 |   134 ||   299
Block: Buckler           |    19 |    46 |    43 ||   108

Table legend: (Time is in decaauts)
 A = Elapsed time spent in this place.
 B = Non-inter-level travel time spent in this place.
 C = Inter-level travel time spent in this place.
 D = Time resting spent in this place.
 E = Time spent auto-exploring this place.
 F = Levels seen in this place.
 G = Mean time per level.
                   A        B        C        D        E       F      G
               +--------+--------+--------+--------+--------+-----+--------+
         Total |   6132 |   6132 |      0 |   1986 |   2740 |   8 |  766.5 |
       Dungeon |   6028 |   6028 |      0 |   1986 |   2670 |   7 |  861.1 |
        Temple |    104 |    104 |      0 |      0 |     70 |   1 |  104.0 |
               +--------+--------+--------+--------+--------+-----+--------+

Top non-repeatable levels by time:
     D:1: 1984 daAuts
     D:2: 1331 daAuts
     D:5: 883 daAuts
     D:4: 563 daAuts
     D:3: 528 daAuts
     D:6: 374 daAuts
     D:7: 362 daAuts
  Temple: 104 daAuts
